 Dungeon Crawl Stone Soup version 0.30.1-9-gdf580d7c3d (webtiles) character file.

Game seed: 10492743434184255328

5100 Psyclone the Destroyer (level 10, -1/60 HPs)
             Began as a Deep Elf Conjurer on Oct 1, 2023.
             Was an Initiate of Gozag.
             Killed from afar by an electric eel (6 damage)
             ... with a bolt of electricity
             ... on level 8 of the Dungeon.
             The game lasted 00:22:45 (9899 turns).

Psyclone the Destroyer (Deep Elf Conjurer)          Turns: 9899, Time: 00:22:45

Health: -1/60      AC:  5    Str:  4    XL:     10   Next: 32%
Magic:  20/26      EV: 12    Int: 28    God:    Gozag
Gold:   152        SH:  0    Dex: 13    Spells: 15/29 levels left

rFire   . . .        a - +1 dagger (venom)
rCold   . . .        (no shield)
rNeg    . . .        f - +0 robe
rPois   .            (no helmet)
rElec   .            x - +0 cloak
rCorr   .            A - +0 pair of gloves
SInv    .            B - +0 pair of boots
Will    +....        i - amulet of the acrobat
Stlth   +            (no ring)
HPRegen 0.30/turn    (no ring)
MPRegen 0.20/turn

%: acrobat
@: gold aura, studying 2 skills, very slow
A: no striking features
a: Renounce Religion, Potion Petition, Call Merchant, Bribe Branch


You were on level 8 of the Dungeon.
You worshipped Gozag.
Gozag was aware of your devotion.
You visited 2 branches of the dungeon, and saw 9 of its levels.
You also visited: Sewer.

You collected 1179 gold pieces.
You spent 960 gold pieces at shops.
You paid 67 gold pieces to Gozag.

Inventory:

Hand Weapons
 a - a +1 dagger of venom (weapon)
 r - the +6 mace of Crystal {pain, rF+ rC+ Dex-2}
   (You found it on level 4 of the Dungeon)

   Dex:       It affects your dexterity (-2).
   rF:        It protects you from fire.
   rC:        It protects you from cold.
 E - a +2 short sword of draining
Armour
 f - a +0 robe (worn)
 x - a +0 cloak (worn)
 A - a +0 pair of gloves (worn)
 B - a +0 pair of boots (worn)
Jewellery
 i - an amulet of the acrobat (around neck)
 D - an amulet of magic regeneration
 G - a ring of ice
Wands
 p - a wand of roots (6)
 J - a wand of acid (9)
 K - a wand of paralysis (10)
Scrolls
 c - a scroll of silence {!r}
 g - a scroll of magic mapping
 h - a scroll of poison
 j - 3 scrolls of enchant weapon {unknown}
 m - a scroll of brand weapon
 q - 3 scrolls of fear {unknown}
 s - 2 scrolls of vulnerability {unknown}
 t - 2 scrolls of fog
 u - a scroll of teleportation
 v - 3 scrolls of torment {unknown}
 y - a scroll of enchant armour {unknown}
 z - 3 scrolls of butterflies {unknown}
 C - a scroll of noise {unknown}
Potions
 b - a potion of magic
 d - a potion of degeneration {unknown}
 e - 7 potions of curing {unknown}
 k - 2 potions of brilliance {unknown}
 l - 4 potions of might {unknown}
 n - 4 potions of heal wounds {unknown}
 o - 2 potions of flight {unknown}
 w - a potion of haste {unknown}
 F - a potion of attraction {unknown}
 H - a potion of invisibility
 I - 2 potions of mutation {unknown}


   Skills:
 + Level 5.7 Fighting
 - Level 2.4 Dodging
 - Level 2.4 Stealth
 - Level 10.4 Spellcasting
 - Level 12.6 Conjurations
 - Level 6.0 Hexes
 - Level 3.0 Air Magic


You had 15 spell levels left.
You knew the following spells:

 Your Spells              Type           Power      Damage    Failure   Level
a - Magic Dart            Conj           100%       1d8       1%          1
b - Searing Ray           Conj           100%       2d8       1%          2
d - Fulminant Prism       Conj/Hex       30%        3d15      1%          4
e - Iskenderun's Mystic   Conj/Tloc      50%        2d11      2%          4
r - Swiftness             Air            31%        N/A       3%          3

Your spell library contained the following spells:

 Spells                   Type           Power      Damage    Failure   Level
 Shock                    Conj/Air       100%       1d9       1%          1
 Slow                     Hex            100%       N/A       1%          1
 Static Discharge         Conj/Air       100%       2-7/arc   1%          2
 Confusing Touch          Hex            48%        N/A       1%          3
 Dazzling Flash           Conj/Hex       100%       N/A       1%          3
 Inner Flame              Hex/Fire       31%        N/A       3%          3
 Fireball                 Conj/Fire      25%        3d11      8%          5
 Airstrike                Air            15%        2d(3-19)  11%         4
 Vampiric Draining        Necr           14%        2d7       12%         3
 Freezing Cloud           Conj/Ice/Air   21%        6-21      13%         5
 Summon Lightning Spire   Summ/Air       23%        N/A       21%         4
 Storm Form               Tmut/Air       11%        N/A       100%        7
 Maxwell's Capacitive Co  Air            15%        ∞         100%        8


Dungeon Overview and Level Annotations

Branches:
Dungeon (8/15) Zot: 26177  Temple (1/1) D:5 Zot: 5976   Sewer (visited)
   Lair: D:8-11

Altars:
Ashenzari
Cheibriados
Dithmenos
Elyvilon
Fedhas
Gozag
Hepliaklqana
Kikubaaqudgha
Makhleb
Okawaru
Qazlal
Sif Muna
Uskayaw
Vehumet
Wu Jian
Xom
Zin

Shops:
D:5 :   D:7 [

Annotations:
D:2 exclusion: downstairs


Message History

The searing ray hits the electric eel!
The electric eel is almost dead. (Press . to maintain the ray.)
The electric eel shoots out a bolt of lightning at you!
The bolt of electricity hits you.
You take 6 damage, and have 54/60 hp.
You now have 24/26 mp.
The searing ray hits the electric eel!
You kill the electric eel!
You hear a splash.
You now have 23/26 mp. 2 electric eels come into view.
The electric eel shoots out a bolt of lightning at you!
The bolt of electricity hits you!
You take 10 damage, and have 45/60 hp.
You enter the shallow water.
Moving in this stuff is going to be slow.
Found an orange potion.
An electric eel comes into view.
The electric eel shoots out a bolt of lightning at you!
The bolt of electricity hits the electric eel.
The electric eel completely resists.
The bolt of electricity hits you!
You take 11 damage, and have 34/60 hp.
Casting: Searing Ray (safe; 1% risk of failure)
Confirm with . or Enter, or press ? or * to list all spells.
Aiming: Fulminant Prism (dangerous; 1% risk of failure)
Press: ? - help, Dir - move target You conjure a prism of explosive energy!
A fulminant prism comes into view.
The electric eel shoots out a bolt of lightning at you!
The bolt of electricity hits you!
The electric eel shoots out a bolt of lightning at you!
The bolt of electricity hits the electric eel.
The electric eel completely resists.
The bolt of electricity hits you!
* * * LOW HITPOINT WARNING * * *
The electric eel shoots out a bolt of lightning at you!
The bolt of electricity hits you!
* * * LOW HITPOINT WARNING * * *
The bolt of electricity hits you.
You die...
Your body crumbles into a pile of gold.

.....'.....'......♣
.....#.....#......~~~~S~
#...###...### ... ~~~≈~~
##.## ##.##.##..#♣~~≈~P.
### #'#...##.~~≈≈≈~~~
.'.....+..⌠..'.♣~P~~~~~
#'#...###...##.♣~~~~~♣.
##.# ##[##..♣~*~~P~. ##
####.#@S~~~~~~
#.#♣$~~S~.! .. ~~♣P~~.
#.. ### ~.~ #.. . ..# .#


You could see 3 electric eels and a friendly fulminant prism.

Vanquished Creatures
  Joseph (D:8)
  Maggie (D:8)
  A troll (D:7)
  Sigmund (D:3)
  4 yaks (D:6)
  A steam dragon (D:6)
  4 water moccasins
  Pargi (Sewer)
  A hornet zombie (D:6)
  An orc warrior (D:6)
  3 sky beasts
  An ogre (D:5)
  2 centaurs (D:8)
  2 kobold brigands
  2 phantoms (D:4)
  2 bullfrogs
  4 necrophages (D:6)
  3 scorpions
  7 killer bees
  An electric eel (D:8)
  2 howler monkeys
  2 bullfrog zombies (D:6)
  A jelly (D:5)
  7 orc priests
  2 gnoll boudas
  A sleepcap (D:5)
  Jessica (D:2)
  4 iguanas
  3 orc wizards
  A howler monkey zombie (D:6)
  10 gnolls
  10 adders
  4 white imps
  A worm (D:4)
  4 dart slugs
  26 orcs
  5 endoplasms
  8 giant cockroaches
  8 goblins
  6 hobgoblins
  3 jackals
  13 kobolds
  11 quokkas
  14 ball pythons
  4 bats
  2 frilled lizards
  10 rats
206 creatures vanquished.

Vanquished Creatures (others)
  28 fulminant prisms
28 creatures vanquished.

Grand Total: 234 creatures vanquished

Notes
Turn   | Place    | Note
-------+----------+-------------------------------------------
     0 | D:1      | Psyclone the Deep Elf Conjurer began the quest for the Orb.
     0 | D:1      | Reached XP level 1. HP: 10/10 MP: 6/6
   285 | D:1      | Reached XP level 2. HP: 15/15 MP: 4/8
   400 | D:1      | Reached skill level 5 in Conjurations
   746 | D:2      | Reached XP level 3. HP: 19/19 MP: 6/10
  1109 | D:2      | Noticed Jessica
  1113 | D:2      | Killed Jessica
  1114 | D:2      | Reached XP level 4. HP: 24/24 MP: 6/12
  1806 | D:2      | Reached skill level 6 in Conjurations
  2115 | D:3      | Found a hazy altar of Hepliaklqana.
  2124 | D:3      | You fall into a shaft and drop 2 floors!
  2124 | D:5      | Entered Level 5 of the Dungeon
  2170 | D:4      | Reached XP level 5. HP: 28/28 MP: 3/14
  2276 | D:4      | Learned a level 2 spell: Searing Ray
  2281 | D:4      | Learned a level 4 spell: Fulminant Prism
  2286 | D:4      | Learned a level 4 spell: Iskenderun's Mystic Blast
  2444 | D:3      | Noticed Sigmund
  2607 | D:3      | Killed Sigmund
  2608 | D:3      | Reached skill level 5 in Spellcasting
  2608 | D:3      | Reached skill level 7 in Conjurations
  2608 | D:3      | Reached XP level 6. HP: 21/32 MP: 7/16
  3150 | D:4      | Reached skill level 8 in Conjurations
  3150 | D:4      | Reached XP level 7. HP: 36/36 MP: 12/18
  3206 | D:4      | Identified the +6 mace of Crystal {pain, rF+ rC+ Dex-2}
  3570 | D:4      | Identified the +0 chain mail "Tigisch" {Harm rElec rPois}
  4225 | D:5      | Found a staircase to the Ecumenical Temple.
  4235 | Temple   | Entered the Ecumenical Temple
  4240 | Temple   | Became a worshipper of Gozag Ym Sagoz the Greedy
  4485 | D:5      | Learned a level 3 spell: Swiftness
  4576 | D:5      | Found Ifue's Self-Improvement Boutique.
  4589 | D:5      | Reached skill level 9 in Conjurations
  4589 | D:5      | Reached skill level 1 in Hexes
  4777 | D:5      | Reached skill level 1 in Air Magic
  4887 | D:5      | Reached XP level 8. HP: 13/41 MP: 3/21
  5205 | D:5      | Found a broken altar of Ashenzari.
  5738 | D:6      | Found a glowing drain.
  5833 | Sewer    | Entered a sewer
  5896 | Sewer    | Noticed Pargi
  5905 | Sewer    | Killed Pargi
  5952 | Sewer    | Identified a scroll of acquirement
  5953 | Sewer    | Acquired the Volume of the Jolly Xenops
  6456 | D:6      | Reached skill level 10 in Conjurations
  6657 | D:6      | Reached XP level 9. HP: 45/45 MP: 7/23
  6771 | D:6      | Reached skill level 5 in Hexes
  6881 | D:6      | Reached skill level 11 in Conjurations
  7414 | D:6      | Found a blossoming altar of Fedhas.
  7669 | D:6      | Found a shimmering blue altar of Sif Muna.
  7670 | D:6      | Found a hide-covered altar of Uskayaw.
  7903 | D:7      | Found a radiant altar of Vehumet.
  7914 | D:7      | Reached skill level 12 in Conjurations
  8052 | D:7      | Reached skill level 10 in Spellcasting
  8215 | D:7      | Noticed a troll
  8225 | D:7      | Killed a troll
  8233 | D:7      | Found Ciarchaun's Antique Armour Shop.
  8735 | D:7      | Reached XP level 10. HP: 42/50 MP: 20/26
  9017 | D:5      | Bought a manual of Fighting for 960 gold pieces
  9390 | D:8      | Noticed Maggie
  9401 | D:8      | Killed Maggie
  9670 | D:8      | Noticed Joseph
  9688 | D:8      | Paralysed by Joseph for 2 turns
  9697 | D:8      | Killed Joseph
  9698 | D:8      | Reached skill level 5 in Fighting
  9899 | D:8      | Killed from afar by an electric eel

Illustrated notes

Levels and vault maps discovered:
D:1:      lightli_iron_boxes, layout_rooms, corexii_leaking_fountain
D:2:      layout_basic, uniq_jessica
D:3:      layout_basic, mainiacjoe_overflow_catwalk, uniq_sigmund
D:4:      layout_loops_corners, minmay_manual_monstrance
D:5:      layout_loops_ring, nicolae_ashenzari_panopticon,
          minmay_temple_entry_antechambers, nicolae_shop_self_help
D:6:      layout_basic, fedhas_altar_decomposition, minitemple,
          gup_sewer_entry_pipe
D:7:      minmay_evil_eye, layout_loops_ring, mainiacjoe_overflow_tiny_flanked,
          serial_shops, shop
D:8:      layout_basic, serial_corexii_hall, chequers_hall_statues_wall_a,
          corexii_hall_statues_l, nicolae_hexahallways, interstate_on_off,
          serial_bayou_ford_a, chequers_serial_rivers_small_a,
          lightli_church_of_beogh, uniq_maggie, uniq_joseph
Temple:   minmay_freezing_vapour_temple

Skill      XL: |  1  2  3  4  5  6  7  8  9 10 |
---------------+-------------------------------+-----
Conjurations   | 5 6 7 8 9 10 12 | 12.6
Spellcasting   | 4 5 6 7 8 10 | 10.4
Hexes          | 2 4 6 |  6.0
Air Magic      | 1 3 |  3.0
Fighting       | 5 |  5.7
Dodging        | |  2.4
Stealth        | |  2.4

Action                     |  1- 3 |  4- 6 |  7- 9 | 10-12 || total
---------------------------+-------+-------+-------+-------++-------
  Melee: Dagger            |     5 |    14 |    20 |     1 ||    40
   Cast: Magic Dart        |    60 |    89 |   101 |     6 ||   256
         Searing Ray       |       |     8 |    53 |     9 ||    70
         Fulminant Prism   |       |     1 |    16 |    12 ||    29
    Use: Scroll            |       |       |     8 |       ||     8
   Stab: Sleeping          |       |       |     2 |       ||     2
 Armour: Robe              |     4 |     9 |    17 |     5 ||    35
  Dodge: Dodged            |    11 |    18 |    84 |    33 ||   146
